Map: Orbital Shipyard

Players

Tmas

  • Race: Protoss Protoss
  • League: Silver

LindyHop - Winner!

  • Race: Zerg Zerg
  • League: Gold

VOD

Have the link to the VOD?

Description

Time

  • Played on: Dec. 5, 2015, 2:25 p.m.
  • Length: 4:35
Show
View Real Time Build Order
Export as new Build Order

Tmas Protoss 

Build Orders:  

Get SALT Encoding   

  12  0:02  Probe (Chrono Boost)  
  13  0:12  Probe (Chrono Boost)  
  14  0:19  Pylon  
  14  0:23  Probe (Chrono Boost)  
  15  0:37  Probe (Chrono Boost)  
  15  0:38  Gateway  
  16  0:48  Probe (Chrono Boost)  
  17  0:50  Assimilator  
  17  0:58  Probe (Chrono Boost)  
  18  1:06  Pylon  
  18  1:10  Probe (Chrono Boost)  
  19  1:21  Probe (Chrono Boost)  
  19  1:25  Cybernetics Core  
  20  1:29  Zealot  
  20  1:31  Probe (Chrono Boost)  
  23  1:42  Probe (Chrono Boost)  
  24  2:02  Nexus  
  24  2:16  Probe (Chrono Boost)  
  24  2:19  Assimilator  
  24  2:22  Sentry, Warp Gate (Chrono Boost)  
  27  2:27  Probe  
  28  2:40  Probe  
  29  2:46  Pylon  
  29  2:49  Pylon  
  29  2:58  Pylon  
  29  3:12  Probe  
  29  3:13  Probe  
  31  3:22  Probe, Stargate  
  31  3:24  Gateway  
  31  3:25  Probe  
  31  3:26  Forge  
  33  3:33  Probe  
  33  3:37  Probe  
  35  3:43  Probe  
  35  3:46  Assimilator  
  36  3:49  Probe  
  37  3:55  Gateway  
  37  3:57  Gateway  
  37  4:01  Probe  
  38  4:15  Zealot  
Show
View Real Time Build Order
Export as new Build Order

LindyHop Zerg - Winner!

Build Orders: Hatch First, Zergling Baneling 

Get SALT Encoding   

  12  0:01  Drone  
  13  0:08  Drone  
  14  0:35  Hatchery  
  13  0:41  Drone  
  14  0:54  Spawning Pool  
  13  0:59  Drone  
  13  1:03  Extractor  
  13  1:09  Overlord  
  13  1:15  Drone  
  14  1:34  Drone x3  
  17  1:46  Zergling x2  
  18  1:47  Zergling x2  
  19  2:01  Queen  
  21  2:09  Metabolic Boost  
  21  2:19  Drone x2  
  23  2:29  Baneling Nest  
  22  2:35  Queen  
  24  2:43  Overlord  
  24  3:05  Zergling x2  
  24  3:06  Zergling x10  
  24  3:11  Zergling x4  
  32  3:17  Overlord  
  32  3:21  Zergling x2  
  33  3:38  Baneling  
  33  3:39  Baneling x2  
  33  3:45  Baneling x5  
  33  3:48  Zergling x2  
  33  3:49  Zergling x6  
  37  4:04  Drone x4  
Tags
 
Add a new tag
Caveats
  • Supply blocks, unpowered buildings, or Contaminate may cause inaccurate times.
  • Supply counts are checked every 10 seconds.